 Dungeon Crawl Stone Soup version 0.31-a0-523-g071a6c1ffa (webtiles) character file.

Game seed: 14104222129783674631

2622 BritishOli the Fighter (level 9, -10/75 HPs)
             Began as a Demonspawn Fighter on Aug 11, 2023.
             Was a Believer of Makhleb.
             Mangled by a boulder beetle (12 damage)
             ... on level 7 of the Dungeon.
             The game lasted 00:08:09 (6041 turns).

BritishOli the Fighter (Demonspawn Fighter)         Turns: 6041, Time: 00:08:09

Health: -10/75     AC: 22    Str: 20    XL:     9   Next: 34%
Magic:  9/9        EV:  9    Int:  9    God:    Makhleb [**....]
Gold:   90         SH:  5    Dex: 19    Spells: 8/8 levels left

rFire   . . .        y - +1 war axe "Viabryte" {protect, rElec Dex+5}
rCold   . . .        c - +0 buckler
rNeg    . . .        b - +0 scale mail
rPois   .            n - +0 helmet
rElec   +            A - +0 cloak
rCorr   .            (no gloves)
SInv    .            B - +0 pair of boots
Will    .....        (no amulet) Stlth
                     w - ring of flight
HPRegen 0.32/turn    (no ring)
MPRegen 0.11/turn

%: no passive effects
@: under a protective aura, flying
A: thin metallic scales 3, foul stench 1, spiny 2
a: Renounce Religion, Minor Destruction


You were on level 7 of the Dungeon.
You worshipped Makhleb.
Makhleb was pleased with you.
You visited 2 branches of the dungeon, and saw 8 of its levels.

You collected 386 gold pieces.
You spent 296 gold pieces at shops.

Inventory:

Hand Weapons
 y - the +1 war axe "Viabryte" (weapon) {protect, rElec Dex+5}
   (You bought it in a shop on level 2 of the Dungeon)

   Dex+5:     It affects your dexterity (+5).
   rElec:     It insulates you from electricity.
Armour
 b - a +0 scale mail (worn)
 c - a +0 buckler (worn)
 n - a +0 helmet (worn)
 A - a +0 cloak (worn)
 B - a +0 pair of boots (worn)
Jewellery
 a - a +6 ring of intelligence
 v - a ring of fire
 w - a ring of flight (left hand)
Wands
 o - a wand of roots (5)
 s - a wand of polymorph (3)
Scrolls
 e - a scroll of vulnerability {unknown}
 f - a scroll of identify
 h - a scroll of poison
 j - a scroll of fog
 k - a scroll of teleportation
 l - a scroll of blinking
 q - a scroll of immolation
 u - 2 scrolls of revelation
 z - a scroll of fear {unknown}
Potions
 d - a potion of might
 g - 3 potions of curing
 i - a potion of mutation {unknown}
 m - a potion of invisibility {unknown}
 p - 2 potions of degeneration {unknown}
 r - 2 potions of cancellation {unknown}
 t - a potion of brilliance {unknown}
 x - a potion of attraction {unknown}
 C - a potion of heal wounds


   Skills:
 * Level 8.6 Fighting
 * Level 7.5 Axes
 + Level 5.8 Armour
 - Level 3.0 Shields


You had 8 spell levels left.
You didn't know any spells.
Your spell library contained the following spells:

 Spells                   Type           Power      Damage    Failure   Level
 Slow                     Hex            0%         N/A       80%         1
 Sting                    Tmut/Pois      0%         1d3       80%         1
 Poisonous Vapours        Pois/Air       0%         N/A       90%         2
 Confusing Touch          Hex            0%         N/A       99%         3
 Dazzling Flash           Conj/Hex       0%         N/A       99%         3
 Vampiric Draining        Necr           0%         2d6       99%         3
 Volatile Blastmotes      Fire/Tloc      0%         2d10      99%         3
 Olgreb's Toxic Radiance  Pois           0%         N/A       100%        4
 Starburst                Conj/Fire      0%         6d3       100%        6
 Maxwell's Capacitive Co  Air            0%         ∞         100%        8


Dungeon Overview and Level Annotations

Branches:
Dungeon (7/15)             Temple (1/1) D:4

Altars:
Ashenzari
Cheibriados
Fedhas
Gozag
Hepliaklqana
Kikubaaqudgha
Makhleb
Nemelex Xobeh
Okawaru
Qazlal
Ru
Sif Muna
Trog
Vehumet
Wu Jian
Xom
Yredelemnul

Shops:
D:2 *!::[   D:5 ?


Innate Abilities, Weirdness & Mutations

You are completely covered in thin metallic scales. (AC +4, rElec)
You may rarely emit foul miasma when damaged in melee.
You are mostly covered in sharp spines.


Message History

The boulder beetle is heavily wounded.
You block the boulder beetle's attack.
You hit the boulder beetle.
The boulder beetle is heavily wounded.
The boulder beetle bites you.
You hit the boulder beetle but do no damage.
The boulder beetle is heavily wounded.
The boulder beetle is struck by your spines.
The boulder beetle bites you.
The boulder beetle bites you but does no damage.
You hit the boulder beetle but do no damage.
The boulder beetle is severely wounded.
The boulder beetle bites you!!
* * * LOW HITPOINT WARNING * * *
You emit a cloud of foul miasma!
You are too injured to fight recklessly!
You are too injured to fight recklessly!
You are too injured to fight recklessly!
You hit the boulder beetle.
The boulder beetle is severely wounded.
The boulder beetle is engulfed in dark miasma.
The boulder beetle is poisoned.
The boulder beetle seems to slow down.
The boulder beetle leaps!
The boulder beetle is no longer moving slowly.
The boulder beetle is struck by your spines.
The boulder beetle bites you.
* * * LOW HITPOINT WARNING * * *
You completely miss the boulder beetle.
The boulder beetle is severely wounded.
The boulder beetle is struck by your spines.
The boulder beetle bites you but does no damage.
You hit the boulder beetle but do no damage.
The boulder beetle is almost dead.
The boulder beetle is struck by your spines.
The boulder beetle bites you!!
* * * LOW HITPOINT WARNING * * *
You hit the boulder beetle but do no damage.
The boulder beetle is almost dead.
The boulder beetle bites you!
You die...

##.## ## #...# #...#.##
..####.######## .#
#.........# ##
##....#.... #
##....#.....## ##
##....##.....B###
.###.....#......@..###
........##...#.......#
....#...##..?......##..#
....#...###:.....#.## #
........####...##)..###
.........#######.†....#
..........####...####...#
.....###.........# ##.#
....# #...####!## #


You could see a boulder beetle (poisoned).

Vanquished Creatures
  Sigmund (D:6)
  A yak (D:7)
  A steam dragon (D:6)
  Menkaure (D:5)
  Duvessa (D:5)
  A water moccasin (D:7)
  A sky beast (D:6)
  An orc warrior (D:7)
  2 ice beasts
  2 black bears (D:5)
  An ogre (D:6)
  2 bullfrogs
  A kobold brigand (D:7)
  Dowan (D:5)
  2 killer bees (D:7)
  A howler monkey (D:5)
  5 hounds
  6 orc priests
  Crazy Yiuf (D:5)
  2 jellies
  2 iguanas
  Ijyb (D:3)
  A sleepcap (D:6)
  6 orc wizards
  A gnoll (D:1)
  7 adders
  A shadow imp (D:5)
  3 white imps
  3 ufetubi (D:5)
  2 worms (D:2)
  6 dart slugs
  21 orcs
  5 ball pythons
  5 bats
  6 endoplasms
  2 giant cockroaches
  8 goblins
  3 hobgoblins
  8 jackals
  A quokka (D:1)
  2 frilled lizards (D:1)
  9 kobolds
  5 rats
142 creatures vanquished.

Notes
Turn   | Place    | Note
-------+----------+-------------------------------------------
     0 | D:1      | BritishOli the Demonspawn Fighter began the quest for the
                  | Orb.
     0 | D:1      | Reached XP level 1. HP: 18/18 MP: 1/1
    54 | D:1      | Gained mutation: You are partially covered in sharp spines.
                  | [demonic ancestry]
    54 | D:1      | Reached XP level 2. HP: 19/24 MP: 2/2
   266 | D:1      | Gained mutation: You are partially covered in thin metallic
                  | scales. (AC +2) [demonic ancestry]
   266 | D:1      | Reached XP level 3. HP: 29/29 MP: 3/3
   821 | D:2      | Found Jeigeej's Book Shop.
   922 | D:2      | Found Leaffatsosm's Antique Armour Shoppe.
  1162 | D:2      | Gained mutation: You are mostly covered in thin metallic
                  | scales. (AC +3) [demonic ancestry]
  1162 | D:2      | Reached XP level 4. HP: 37/37 MP: 4/4
  1277 | D:2      | Found Kioga's Assorted Antiques.
  1304 | D:2      | Found Duceg's Distillery.
  1393 | D:2      | Found Zugoh's Book Emporium.
  1523 | D:3      | Noticed Ijyb
  1534 | D:3      | Killed Ijyb
  1535 | D:3      | Reached skill level 4 in Fighting
  1587 | D:3      | You fall into a shaft and drop 3 floors!
  1624 | D:6      | Noticed Sigmund
  1660 | D:6      | Reached XP level 5. HP: 42/42 MP: 5/5
  1672 | D:6      | Killed Sigmund
  1673 | D:6      | Gained mutation: You are mostly covered in sharp spines.
                  | [demonic ancestry]
  1673 | D:6      | Reached XP level 6. HP: 38/50 MP: 6/6
  1762 | D:5      | Entered Level 5 of the Dungeon
  1792 | D:5      | Reached skill level 5 in Fighting
  1906 | D:4      | Found a staircase to the Ecumenical Temple.
  1914 | Temple   | Entered the Ecumenical Temple
  1974 | Temple   | Became a worshipper of Makhleb the Destroyer
  2074 | D:4      | Gained mutation: You are completely covered in thin
                  | metallic scales. (AC +4, rElec) [demonic ancestry]
  2074 | D:4      | Reached XP level 7. HP: 38/56 MP: 7/7
  2642 | D:2      | Bought a dazzling war axe for 178 gold pieces
  2642 | D:2      | Identified the +1 war axe "Viabryte" {protect, rElec Dex+5}
                  | (You bought it in a shop on level 2 of the Dungeon)
  3382 | D:5      | Found Ozxit's Magic Scroll Shop.
  3389 | D:5      | Bought a scroll of identify for 22 gold pieces
  3632 | D:5      | Reached skill level 5 in Axes
  3637 | D:5      | Reached * piety under Makhleb
  3682 | D:5      | Reached skill level 6 in Fighting
  3721 | D:5      | Noticed Menkaure
  3739 | D:5      | Noticed Duvessa
  3739 | D:5      | Noticed Dowan
  4025 | D:5      | Killed Duvessa
  4031 | D:5      | Killed Menkaure
  4032 | D:5      | Reached XP level 8. HP: 27/65 MP: 8/8
  4032 | D:5      | Killed Dowan
  4497 | D:5      | Found a runed translucent door.
  4498 | D:5      | Noticed Crazy Yiuf
  4504 | D:5      | Killed Crazy Yiuf
  4595 | D:6      | Reached skill level 7 in Fighting
  4690 | D:6      | Reached skill level 5 in Armour
  5098 | D:6      | Identified the +1 leather armour of the Worm {rPois rC++
                  | rCorr Dex-3}
  5288 | D:2      | Bought a potion of heal wounds for 60 gold pieces
  5288 | D:2      | Bought a potion of curing for 36 gold pieces
  5441 | D:7      | Gained mutation: You may rarely emit foul miasma when
                  | damaged in melee. [demonic ancestry]
  5441 | D:7      | Reached XP level 9. HP: 74/74 MP: 9/9
  5449 | D:7      | Reached skill level 8 in Fighting
  5605 | D:7      | Found a blossoming altar of Fedhas.
  5612 | D:7      | Reached ** piety under Makhleb
  6007 | D:7      | Noticed a boulder beetle
  6040 | D:7      | HP: 2/75 [boulder beetle (18)]
  6041 | D:7      | Mangled by a boulder beetle

Illustrated notes

Levels and vault maps discovered:
D:1:      spicycebolla_arrival_ecumenical, layout_loops_ring
D:2:      layout_basic, serial_shops, nicolae_shop_industrial_runoff,
          nicolae_shop_advertising_works [nicolae_subvault_shop_adworks], shop,
          shop, nicolae_shop_hallway_plus, kennysheep_cross_room,
          minmay_shallow_snake_nest
D:3:      layout_loops_ring, minmay_misc_feat_doors, uniq_ijyb
D:4:      layout_basic, minmay_temple_entry_ruins
D:5:      layout_loops_ring, serial_shops, shop, uniq_menkaure, uniq_duvessa,
          uniq_crazy_yiuf_cottage
D:6:      nicolae_cairo_tiling_large_dashed, layout_basic, uniq_sigmund
D:7:      layout_layer_cave, fedhas_ov_isle_minmay, minmay_manual_moon
Temple:   minmay_crystal_spiral_temple

Skill      XL: |  1  2  3  4  5  6  7  8  9 |
---------------+----------------------------+-----
Axes           | 2 3 4 5 7 |  7.5
Armour         | 3 4 5 |  5.8
Shields        | 3 |  3.0
Fighting       | 4 5 6 7 8 |  8.6

Action                     |  1- 3 |  4- 6 |  7- 9 || total
---------------------------+-------+-------+-------++-------
  Melee: War axe           |    75 |    52 |   202 ||   329
  Evoke: Wand              |       |     3 |       ||     3
    Use: Scroll            |       |       |     7 ||     7
 Armour: Scale mail        |    40 |    18 |   113 ||   171
  Dodge: Dodged            |    26 |    23 |    66 ||   115
  Block: Buckler           |    17 |    11 |    67 ||    95

Table legend: (Time is in decaauts)
 A = Elapsed time spent in this place.
 B = Non-inter-level travel time spent in this place.
 C = Inter-level travel time spent in this place.
 D = Time resting spent in this place.
 E = Time spent auto-exploring this place.
 F = Levels seen in this place.
 G = Mean time per level.
                   A        B        C        D        E       F      G
               +--------+--------+--------+--------+--------+-----+--------+
         Total |   6149 |   5350 |    799 |    397 |   4015 |   8 |  768.6 |
       Dungeon |   6030 |   5348 |    682 |    397 |   4015 |   7 |  861.4 |
        Temple |    119 |      2 |    117 |      0 |      0 |   1 |  119.0 |
               +--------+--------+--------+--------+--------+-----+--------+

Top non-repeatable levels by time:
     D:5: 1031 daAuts
     D:4: 919 daAuts
     D:3: 864 daAuts
     D:6: 857 daAuts
     D:2: 846 daAuts
     D:1: 830 daAuts
     D:7: 679 daAuts
  Temple: 119 daAuts
